 Dungeon Crawl Stone Soup version bcrawl-1.28.5 (webtiles) character file.

Game seed: 14821261429470314598

162994 Mehrunes the Chopper (level 4, -1/40 HPs)
             Began as a Demigod Fighter on Jan 23, 2021.
             Slain by an orc (3 damage)
             ... on level 3 of the Dungeon.
             The game lasted 00:06:00 (1692 turns).

Mehrunes the Chopper (Demigod Fighter)              Turns: 1692, Time: 00:06:01

Health: -1/40      AC:  7    Str: 21 (22) XL:     4   Next: 74%
Magic:  6/6        EV:  9    Int:  9 (12) God:    Demigod [*.....]
Gold:   102        SH:  0    Dex: 15 (16) Spells: 3/3 levels left

rFire    . . .     SeeInvis .   a - +0 war axe
rCold    . . .     Gourm    .   (no shield)
rNeg     + . .     Faith    .   b - +0 scale mail
rPois    +         Spirit   .   j - +0 helmet
rElec    .         Reflect  .   (no cloak)
rCorr    .         Harm     .   (no gloves)
MR       .....                  (no boots)
Stlth    ..........             p - amulet of the acrobat
HPRegen  0.13/turn              n - ring "Olanuful" {+Fly rN+}
MPRegen  0.10/turn              g - ring of poison resistance

@: lethally poisoned (-1 -> -6)
A: high mp 1
a: Temporal Distortion, Evoke Flight


You were on level 3 of the Dungeon.
You worshipped Demigod.
Demigod was aware of your devotion.
You were not hungry.

You visited 1 branch of the dungeon, and saw 3 of its levels.

You collected 102 gold pieces.

Inventory:

Hand Weapons
 a - a +0 war axe (weapon)
 s - a +0 falchion
Missiles
 h - 15 curare-tipped needles
Armour
 b - a +0 scale mail (worn)
 c - a +0 medium shield
 j - a +0 helmet (worn)
Jewellery
 g - a ring of poison resistance (right hand)
 n - the ring "Olanuful" (left hand) {+Fly rN+}
   (You found it on level 1 of the Dungeon)

   [ring of flight]

   It protects you from negative energy.
   It lets you fly.
 p - an amulet of the acrobat (around neck)
 q - an uncursed amulet of inaccuracy
 r - an uncursed ring of protection from cold
Scrolls
 i - a scroll of teleportation {unknown}
 k - 4 scrolls of remove curse
Potions
 d - 2 potions of might
 f - a potion of degeneration
 l - 2 potions of brilliance {unknown}
 m - a potion of cancellation {unknown}
Comestibles
 e - 2 rations {!d}
 o - a chunk of flesh


   Skills:
 + Level 3.6 Fighting
 * Level 3.8 Axes
 - Level 2.6 Armour
 - Level 2.6 Shields


You had 3 spell levels left.
You didn't know any spells.
Your spell library was empty.

Dungeon Overview and Level Annotations

Branches:
Dungeon (3/12)

Annotations:
D:2 Sigmund


Innate Abilities, Weirdness & Mutations

You have an increased reservoir of magic. (+10% MP)


Message History

You are more poisoned.
The adder poisons you! The adder bites you but does no damage.
A dart slug comes into view.
The orc barely misses you.
Some of the chunks of flesh in your inventory have rotted away.
You fail to use your ability.
You feel sick. The adder bites you but does no damage.
The orc hits you from afar with a +0 trident!
* * * LOW HITPOINT WARNING * * *
The orc hits you but does no damage.
It was a potion of degeneration.
There was something very wrong with that liquid.
You feel weakened.
You feel dopey.
You feel clumsy. The adder barely misses you.
The orc hits you from afar with a +0 trident.
* * * LOW HITPOINT WARNING * * *
A hobgoblin comes into view. It is wielding a +0 club.
The adder bites you but does no damage. The orc hits you.
You die...
Your divinity fades.

###########<.
#...@SK.....(
###.#o##o#.##..
#...........#
#.####.####w.. #
##.....## g#
#...o...# #
#......o#
#....._......
...#.......#....


You could see an adder, a dart slug, 2 orcs, a hobgoblin and a kobold.

Vanquished Creatures
  A hound (D:2)
  Robin (D:2)
  An adder (D:3)
  3 worms
  2 dart slugs
  5 leopard geckos
  6 orcs
  A giant cockroach (D:1)
  5 goblins (D:1)
  5 hobgoblins
  5 bats
  2 frilled lizards (D:1)
  10 kobolds
  3 rats (D:2)
50 creatures vanquished.

Notes
Turn   | Place    | Note
-------+----------+-------------------------------------------
     0 | D:1      | Mehrunes the Demigod Fighter began the quest for the Orb.
     0 | D:1      | Reached XP level 1. HP: 18/18 MP: 3/3
   248 | D:1      | Reached XP level 2. HP: 25/25 MP: 4/4
   540 | D:1      | Got a wavering platinum ring
   541 | D:1      | Identified the ring "Olanuful" {+Fly rN+} (You found it on
                  | level 1 of the Dungeon)
   628 | D:1      | Reached XP level 3. HP: 17/31 MP: 5/5
   959 | D:2      | Noticed Sigmund
  1015 | D:2      | Reached * piety under Demigod
  1018 | D:2      | Found a bloodstained altar of Trog.
  1021 | D:2      | Noticed Robin
  1042 | D:2      | Killed Robin
  1066 | D:2      | Found a radiant altar of Vehumet.
  1354 | D:2      | Reached XP level 4. HP: 28/38 MP: 6/6
  1668 | D:3      | Found a shimmering altar of Xom.
  1692 | D:3      | HP: 2/40 [orc/+0 trident (2)]
  1692 | D:3      | Slain by an orc

Skill      XL: |  1  2  3 |
---------------+----------+-----
Axes           | 2 3 |  3.8
Fighting       | 3 |  3.6
Armour         | |  2.6
Shields        | |  2.6

Action                   |  1- 3 |  4- 6 || total
-------------------------+-------+-------++-------
Melee: War axe           |   108 |    48 ||   156
  Use: Scroll            |     1 |       ||     1
       Potion            |       |     1 ||     1
  Eat: Chunk             |     5 |     3 ||     8
Armor: Scale mail        |    88 |    30 ||   118
Dodge: Dodged            |    95 |    40 ||   135
